Unix NetHack Version 3.7.0-59 Work-in-progress - last build Jun 21 2022 21:34:18 (82e59222e4b6558e33156aede0636042c14940b8,branch:master). Game began 2022-06-22 16:18:54, ended 2022-06-22 16:23:48. pescepalla, neutral female human Healer ---- |..| |<.| |.-- |.| |.| |.| |.| |@| |h| Pescepalla the Rhizotomist St:11 Dx:9 Co:13 In:11 Wi:15 Ch:17 Neutral Dlvl:3 $:1706 HP:0(14) Pw:5(5) AC:8 Exp:1 T:623 Latest messages: You see here a figurine of a sewer rat (for sale, 60 zorkmids). You see here a food ration (for sale, 34 zorkmids). "For you, esteemed lady; only 8 zorkmids for this key." q - a key (unpaid, 8 zorkmids). You stop. Your kitten is in the way! You stop. Your kitten is in the way! You see here a figurine of a sewer rat (for sale, 60 zorkmids). You see here a food ration (for sale, 34 zorkmids). You see here a scroll labeled MAPIRO MAHAMA DIROMAT (for sale, 100 zorkmids). You see here a figurine of a sewer rat (for sale, 60 zorkmids). You see here an effervescent potion (for sale, 200 zorkmids). You see here a clear potion (for sale, 75 zorkmids). A key for 8 zorkmids. Pay? [yn] (n) You bought a key for 8 gold pieces. "Thank you for shopping in Kinojevis' general store!" You hear the footsteps of a guard on patrol. You see here an effervescent potion (for sale, 200 zorkmids). You see here a clear potion (for sale, 75 zorkmids). The kitten misses the jackal. The kitten bites the jackal. The jackal is killed! You see here a scroll labeled ZLORFIK (for sale, 150 zorkmids). You see here a clear potion (for sale, 75 zorkmids). You see here a jackal corpse (no charge). You have a little trouble lifting a jackal corpse. Continue? [ynq] (q) You have a little trouble lifting r - a jackal corpse. Your movements are slowed slightly because of your load. You see here a clear potion (for sale, 75 zorkmids). What do you want to drop? [$a-oqr or ?*] Kinojevis offers 3 gold pieces for your corpse. Sell it? [ynaq] (n) You sold a jackal corpse for 3 gold pieces. Your movements are now unencumbered. The kitten eats a jackal corpse. Where do you want to travel to? You hear an E flat squeak in the distance. You hear the chime of a cash register. You feel tough! You must have been leading a healthy life-style. The kitten bites the gnome. The gnome wields a thonged club! The kitten bites the gnome. The gnome is killed! You see here a thonged club. The stairs are solidly fixed to the floor. Double rush prefix, canceled. You see here a thonged club. s - a thonged club. The dwarf hits! You die... Do you want your possessions identified? [ynq] (y) Major events: Turn 1: pescepalla the neutral female human Healer entered the dungeon 609: entered the Gnomish Mines 623: killed by a dwarf Inventory: Coins $ - 1706 gold pieces Weapons o - 8 cursed -2 darts a - a +0 scalpel (weapon in hand) s - a +0 aklys Armor b - an uncursed +1 pair of leather gloves (being worn) Comestibles j - 6 uncursed apples m - 3 uncursed food rations n - an uncursed lembas wafer k - 2 uncursed lichen corpses Spellbooks h - a blessed spellbook of extra healing g - a blessed spellbook of healing i - a blessed spellbook of stone to flesh Potions e - 4 uncursed potions of extra healing d - 3 uncursed potions of healing Wands f - a wand of sleep (0:4) Tools q - an uncursed skeleton key c - an uncursed stethoscope Gems/Stones l - an uncursed worthless piece of red glass Pescepalla the Healer's attributes: Background: You were a Rhizotomist, a level 1 female human Healer. You were neutral, on a mission for Hermes who was opposed by Athena (lawful) and Poseidon (chaotic). You were in the Gnomish Mines, on level 3. You entered the dungeon 623 turns ago. You had 0 experience points, 20 were needed to attain level 2. Basics: You had 0 out of 14 hit points. You had all 5 energy points (spell power). Your armor class was 8. Your wallet contained 1706 zorkmids. Autopickup was on for '$=?"/!%' plus thrown, with exceptions. Final Characteristics: Your strength was 11 (limit:18/100). Your dexterity was 9 (limit:18). Your constitution was 13 (limit:18). Your intelligence was 11 (limit:18). Your wisdom was 15 (limit:18). Your charisma was 17 (limit:18). Final Status: You were not hungry. You were unencumbered. You were wielding a knife. You had basic skill with knife. Final Attributes: You were fervently aligned. You were poison resistant. You are dead. Miscellaneous: You never encountered a bones level. Total elapsed playing time was 4 minutes and 54 seconds. Vanquished creatures: a gnome 3 jackals a kobold a grid bug 2 lichens a kobold zombie 2 newts 11 creatures vanquished. No species were genocided or became extinct. Voluntary challenges: You went without food. You were an atheist. You were a pacifist. You were illiterate. You never engraved Elbereth. You never genocided any monsters. You never polymorphed an object. You never changed form. You used no wishes. Achievements: You entered a shop. You entered the Gnomish Mines. The Dungeons of Doom: levels 1 to 3 Level 1: A fountain, a sink. Level 2: A general store. Stairs down to The Gnomish Mines. Level 3: The Gnomish Mines: Level 3: <- You were here. Final resting place for you, killed by a dwarf. Game over: ---------- / \ / REST \ / IN \ / PEACE \ / \ | pescepalla | | 1706 Au | | killed by a | | dwarf | | | | | | 2022 | *| * * * | * _________)/\\_//(\/(/\)/\//\/|_)_______ Goodbye pescepalla the Healer... You died in The Gnomish Mines on dungeon level 3 with 121 points, and 1706 pieces of gold, after 623 moves. You were level 1 with a maximum of 14 hit points when you died.